 Dungeon Crawl Stone Soup version 0.22-a0-601-gb0ed703ee0 (webtiles) character file.

25 LordofOblivion the Firebug (level 2, -3/15 HPs)
             Began as a Deep Elf Fire Elementalist on July 6, 2018.
             Killed from afar by Terence (12 damage)
             ... with a wand of flame (32)
             ... on level 2 of the Dungeon.
             The game lasted 00:07:43 (1298 turns).

LordofOblivion the Firebug (DEFE)                   Turns: 1298, Time: 00:07:44

Health: -3/15      AC:  3    Str:  5    XL:     2   Next: 82%
Magic:  6/8        EV: 13    Int: 19    God:
Gold:   26         SH:  0    Dex: 15    Spells: 6/7 levels left

rFire    . . .     SeeInvis .   (no weapon)
rCold    . . .     Gourm    .   (no shield)
rNeg     . . .     Faith    .   a - +0 robe
rPois    .         Spirit   .   (no helmet)
rElec    .         Reflect  .   f - +0 cloak
rCorr    .         Harm     .   (no gloves)
MR       .....                  (no boots)
Stlth    ++........             (no amulet)
HPRegen  0.05/turn              (no ring)
MPRegen  0.11/turn              (no ring)

@: no status effects
A: no striking features
a: no special abilities


You were on level 2 of the Dungeon.
You were not hungry.

You visited 1 branch of the dungeon, and saw 2 of its levels.

You collected 26 gold pieces.

Inventory:

Armour
 a - a +0 robe (worn)
 f - a +0 cloak (worn)
Scrolls
 b - a scroll of remove curse {unknown}
 d - a scroll of magic mapping {unknown}
 e - a scroll of teleportation {unknown}
Potions
 g - 2 potions of lignification {unknown}
Comestibles
 c - 4 rations
 h - a chunk of flesh


   Skills:
 + Level 2.8 Dodging
 + Level 2.5 Stealth
 + Level 3.4 Spellcasting
 + Level 1.2 Conjurations
 + Level 3.9 Fire Magic


You had 6 spell levels left.
You knew the following spells:

 Your Spells              Type           Power        Failure   Level  Hunger
a - Flame Tongue          Conj/Fire      ##...        4%          1    None

Your spell library contained the following spells:

 Spells                   Type           Power        Failure   Level  Hunger
 Fireball                 Conj/Fire      ##........   80%         5    ######.
 Conjure Flame            Conj/Fire      ##......     16%         3    ###....
 Throw Flame              Conj/Fire      ##....       8%          2    ##.....
 Sticky Flame             Conj/Fire      ##......     45%         4    ####...
 Inner Flame              Hex/Fire       ##......     19%         3    ###....


Dungeon Overview and Level Annotations

Branches:
Dungeon (2/15)

Altars:

Annotations:
D:2 Terence


Message History

Press: ? - help, Shift-Dir - straight line, f - goblin
Aim: a goblin, wielding a club The flame tongue hits the goblin.
You kill the goblin!
You climb downwards.
Level annotation: Terence Terence zaps a wand.
The puff of flame hits you!
It is a wand of flame (33).
The worm closely misses you.
Terence zaps a wand.
The puff of flame misses you.
There is a stone staircase leading up here.
Casting: Flame Tongue (safe; 4% risk of failure)
Confirm with . or Enter, or press ? or * to list all spells.
Aiming: Flame Tongue (safe; 4% risk of failure)
Press: ? - help, Shift-Dir - straight line, f - worm
Aim: a worm The flame tongue hits the worm.
The worm is moderately wounded.
You can't go down here!
The worm misses you.
Terence zaps a wand.
The puff of flame hits you!
Ouch! That really hurt!
You die...

#...##....
#........#
#.........
#........##
#.........####
.............#
####...@..?#
..$....@.#
####..w..#
#(........#
#.....###...
...#..## .
#........
#........
#........
#.........


You could see Terence and a worm.

Vanquished Creatures
  A giant cockroach (D:1)
  4 goblins (D:1)
  2 hobgoblins (D:1)
  2 jackals (D:1)
  4 kobolds (D:1)
  4 bats (D:1)
  4 frilled lizards (D:1)
  2 rats (D:1)
23 creatures vanquished.

Notes
Turn   | Place    | Note
-------+----------+-------------------------------------------
     0 | D:1      | LordofOblivion the Deep Elf Fire Elementalist began the quest for the Orb.
     0 | D:1      | Reached XP level 1. HP: 10/10 MP: 6/6
   370 | D:1      | Reached XP level 2. HP: 15/15 MP: 6/8
  1283 | D:2      | Noticed Terence
  1298 | D:2      | Killed from afar by Terence

Vault maps used:
D:1:      lemuel_arrival_broad_hall
D:2:      uniq_terence

Action                   || total
-------------------------++-------
Melee: Unarmed           ||     1
 Cast: Flame Tongue      ||    43
  Eat: Chunk             ||     1
Armor: Robe              ||     6
Dodge: Dodged            ||    19

Table legend:
 A = Spawn XP
 B = Non-spawn XP
 C = Spawn XP percentage of total XP
 D = Spawn monster count
 E = Non-spawn monster count
 F = Spawn count percentage of total count
 G = Total turns spent on level
                    A         B        C        D         E        F      G
               +---------+---------+-------+---------+---------+-------+---------
         Total |       0 |      36 |   0.0 |       0 |      23 |   0.0 |  1298
               +---------+---------+-------+---------+---------+-------+---------
           D:1 |       0 |      36 |   0.0 |       0 |      23 |   0.0 |  1290
               +---------+---------+-------+---------+---------+-------+---------
